 Dungeon Crawl Stone Soup version 0.23.2-40-g277498a001 (webtiles) character file.

Game seed: 5416758106088990071

70 FishyPogo the Cutter (level 4, 0/46 HPs)
             Began as a Halfling Berserker on Oct 5, 2019.
             Was a Believer of Trog.
             Slain by Grinder (5 damage)
             ... on level 3 of the Dungeon.
             The game lasted 00:03:57 (1201 turns).

FishyPogo the Cutter (Halfling Berserker)           Turns: 1201, Time: 00:03:57

Health: 0/46       AC:  2    Str: 23    XL:     4   Next: 45%
Magic:  4/4        EV: 15    Int:  6    God:    Trog [**....]
Gold:   147        SH:  0    Dex: 13    Spells: 3/3 levels left

rFire    + . .     SeeInvis .   a - +0 dagger (drain)
rCold    . . .     Gourm    .   (shield restricted)
rNeg     . . .     Faith    .   b - +0 animal skin
rPois    .         Spirit   .   (no helmet)
rElec    .         Reflect  .   (no cloak)
rCorr    .         Harm     .   (no gloves)
MR       ++...                  (no boots)
Stlth    ..........             (no amulet)
HPRegen  1.15/turn              k - ring of protection from fire
MPRegen  0.09/turn              (no ring)

@: berserking (expiring), regenerating, very quick
A: small, mutation resistance 1
a: Berserk, Trog's Hand, Renounce Religion


You were on level 3 of the Dungeon.
You worshipped Trog.
Trog was pleased with you.
You were very hungry.

You visited 1 branch of the dungeon, and saw 3 of its levels.

You collected 147 gold pieces.

Inventory:

Hand Weapons
 a - a +0 dagger of draining (weapon)
Missiles
 d - 37 stones (quivered)
Armour
 b - a +0 animal skin (worn)
Jewellery
 k - a ring of protection from fire (left hand)
Scrolls
 e - 3 scrolls of remove curse {unknown}
 g - 3 scrolls of identify {unknown}
 i - a scroll of enchant armour {unknown}
Potions
 f - a potion of heal wounds {unknown}
 h - a potion of curing {unknown}
 j - a potion of flight {unknown}
Comestibles
 c - 6 rations
 l - 7 chunks of flesh


   Skills:
 - Level 3.0 Fighting
 * Level 4.3 Short Blades
 + Level 0.7 Throwing
 + Level 2.6 Armour
 + Level 2.6 Dodging
 * Level 2.0 Stealth


You had 3 spell levels left.
You didn't know any spells.
Your spell library was empty.

Dungeon Overview and Level Annotations

Branches:
Dungeon (3/15)

Altars:
Fedhas
Nemelex Xobeh

Annotations:
D:3 Grinder


Innate Abilities, Weirdness & Mutations

You are small and have problems with some larger weapons.
You are somewhat resistant to further mutation.


Message History

* * * LOW HITPOINT WARNING * * *
You closely miss Grinder.
Grinder is moderately wounded.
You closely miss Grinder.
Grinder is moderately wounded.
Grinder blinks!
You puncture the dart slug!
You kill the dart slug!
Trog accepts your kill.
A giant cockroach comes into view.
You feel a strong urge to attack something.
Grinder misses you.
You closely miss Grinder.
Grinder is moderately wounded.
You puncture Grinder!
Grinder is heavily wounded.
Grinder hits you!
* * * LOW HITPOINT WARNING * * *
You writhe in agony.
You die...

.#####.#
########..#
.....#.#
#<......#.#
.......#
####..#.#.#
####.###
########.#####
#<#
#..#.........#
###
#..#.........#
#..#.....##..#
#..#......#..#
#.5@...._......
#..#..#......#.#
####..##.....#+#
#..s......#
#.........#
#####.##### .# .
#


You could see Grinder and a giant cockroach.

Vanquished Creatures
  An orc priest (D:3)
  3 dart slugs
  A leopard gecko (D:3)
  3 orcs (D:3)
  8 bats
  4 giant cockroaches
  A hobgoblin (D:1)
  3 kobolds
  A quokka (D:2)
  A frilled lizard (D:1)
  3 goblins
  4 rats
33 creatures vanquished.

Vanquished Creatures (others)
  A plant (D:1)
1 creature vanquished.

Grand Total: 34 creatures vanquished

Notes
Turn   | Place    | Note
-------+----------+-------------------------------------------
     0 | D:1      | FishyPogo the Halfling Berserker began the quest for the
                  | Orb.
     0 | D:1      | Reached XP level 1. HP: 15/15 MP: 1/1
   141 | D:1      | Reached XP level 2. HP: 11/20 MP: 2/2
   320 | D:1      | Reached skill level 1 in Stealth
   596 | D:2      | Reached skill level 4 in Short Blades
   600 | D:2      | Reached XP level 3. HP: 24/25 MP: 3/3
   686 | D:2      | Found a blossoming altar of Fedhas.
  1019 | D:2      | Found a faded altar of an unknown god.
  1126 | D:3      | Reached ** piety under Trog
  1126 | D:3      | Reached XP level 4. HP: 21/31 MP: 4/4
  1181 | D:3      | Found a sparkling altar of Nemelex Xobeh.
  1187 | D:3      | Noticed Grinder
  1201 | D:3      | Slain by Grinder

Skill      XL: |  1  2  3  4 |
---------------+-------------+-----
Stealth        | 1 2 |  2.0
Short Blades   | 4 |  4.3
Fighting       | 3 |  3.0
Throwing       | |  0.7
Armour         | |  2.6
Dodging        | |  2.6

Action                   |  1- 3 |  4- 6 || total
-------------------------+-------+-------++-------
Melee: Short sword       |    35 |       ||    35
       Dagger            |    49 |    14 ||    63
Throw: Stone             |     3 |       ||     3
Invok: Berserk           |     1 |     2 ||     3
       Trog's Hand       |       |     1 ||     1
 Stab: Distracted        |     1 |       ||     1
  Eat: Chunk             |     2 |     1 ||     3
Armor: Animal skin       |    19 |       ||    19
Dodge: Dodged            |    62 |     3 ||    65
